 Dungeon Crawl Stone Soup version 0.20.1-1-g8b1a95d (webtiles) character file.

87 AverageBear the Cutter (level 4, 16/27 HPs)
             Began as a Deep Elf Fighter on July 18, 2017.
             Was a Follower of Makhleb.
             Quit the game on level 2 of the Dungeon.
             The game lasted 00:01:43 (1428 turns).

AverageBear the Cutter (Deep Elf Fighter)           Turns: 1428, Time: 00:01:44

Health: 16/27      AC:  6    Str: 19    XL:     4   Next: 28%
Magic:  6/6        EV:  9    Int: 13    God:    Makhleb [*.....]
Gold:   31         SH:  4    Dex: 14    Spells: 3/3 levels left

rFire    . . .     SeeInvis .   a - +1 rapier
rCold    . . .     Gourm    .   e - +0 buckler
rNeg     . . .     Faith    .   b - +0 scale mail
rPois    .         Spirit   .   (no helmet)
rElec    .         Reflect  .   (no cloak)
rCorr    .         Harm     .   (no gloves)
MR       .....                  (no boots)
Stlth    ..........             (no amulet)
Regen    0.1/turn               (no ring)
MPRegen  0.1/turn               (no ring)

@: mighty
A: no striking features
a: Renounce Religion


You were on level 2 of the Dungeon.
You worshipped Makhleb.
Makhleb was aware of your devotion.
You were not hungry.

You visited 1 branch of the dungeon, and saw 2 of its levels.

You collected 31 gold pieces.

Inventory:

Hand Weapons
 a - a +1 rapier (weapon)
Armour
 b - a +0 scale mail (worn)
 e - a +0 buckler (worn)
Scrolls
 c - 2 scrolls of identify
Potions
 h - a potion of agility {unknown}
 j - a potion of haste
 l - a potion of berserk rage
Comestibles
 d - 3 chunks of flesh
 f - a bread ration
 g - 4 fruits
 i - 2 royal jellies
 m - a meat ration


   Skills:
 - Level 2.4 Fighting
 + Level 4.6 Short Blades
 - Level 2.4 Armour
 - Level 2.4 Shields


You had 3 spell levels left.
You didn't know any spells.

Dungeon Overview and Level Annotations

Branches:
Dungeon (2/15)

Altars:
Makhleb
Uskayaw


Message History

Natasha screams in pain as she dies!
The iron imp disappears in a puff of smoke!
You have reached level 4!
You feel clever. The giant cockroach bites you.
The giant cockroach bites you but does no damage.
You closely miss the giant cockroach.
The giant cockroach bites you but does no damage.
You puncture the giant cockroach!
You kill the giant cockroach!
Makhleb accepts your kill.
You see here a giant cockroach corpse.
You butcher the giant cockroach corpse.
d - a chunk of flesh There isn't anything here!
There isn't anything here!
You see here the felid corpse of Natasha.
You butcher the felid corpse of Natasha.
d - 3 chunks of flesh (gained 2) Are you sure you want to abandon this character and quit the game? (Confirm with "yes".)

............#
.>..........##. #..
.....<..รท...##. ..##
###............###...
#...#####.##..#... #...#
....... ###...### ##.#.#
#.......# #.###.#.####.#
#.#...#.# #.#...@......#
#.##.##.###.#.#.#..#####
#<..).........#..#.##
.....#..###...#.###.######
#..#.#..###...##.#.........
#..[......#...###..#######.
##.#...............#
#.#.#..#.....######
#..........#.#


There were no monsters in sight!

Vanquished Creatures
  Natasha (D:2)
  2 adders
  2 dart slugs
  2 leopard geckos (D:1)
  2 giant cockroaches
  4 goblins
  6 hobgoblins
  2 jackals (D:1)
  5 bats (D:1)
  3 frilled lizards
  3 kobolds
  5 rats
37 creatures vanquished.

Notes
Turn   | Place    | Note
-------+----------+-------------------------------------------
     0 | D:1      | AverageBear the Deep Elf Fighter began the quest for the Orb.
     0 | D:1      | Reached XP level 1. HP: 13/13 MP: 3/3
   133 | D:1      | Reached XP level 2. HP: 7/18 MP: 4/4
   357 | D:1      | Reached skill level 3 in Short Blades
   637 | D:1      | Reached XP level 3. HP: 21/22 MP: 5/5
  1057 | D:2      | Reached skill level 4 in Short Blades
  1120 | D:2      | Found a faded altar of an unknown god.
  1125 | D:2      | Became a worshipper of Makhleb the Destroyer
  1125 | D:2      | Reached * piety under Makhleb
  1383 | D:2      | Found a hide-covered altar of Uskayaw.
  1408 | D:2      | Noticed Natasha
  1417 | D:2      | Killed Natasha
  1417 | D:2      | Reached XP level 4. HP: 16/27 MP: 6/6
  1428 | D:2      | Quit the game

Skill      XL: |  1  2  3 |
---------------+----------+-----
Short Blades   | 3 4 |  4.6
Fighting       | |  2.4
Armour         | |  2.4
Shields        | |  2.4

Action                   |  1- 3 |  4- 6 || total
-------------------------+-------+-------++-------
Melee: Rapier            |   148 |     2 ||   150
  Use: Scroll            |     3 |       ||     3
       Potion            |     1 |       ||     1
  Eat: Chunk             |     2 |       ||     2
Armor: Scale mail        |    68 |     2 ||    70
Dodge: Dodged            |    44 |       ||    44
Block: Shield            |    51 |       ||    51
       Buckler           |    18 |       ||    18
